 Dungeon Crawl Stone Soup version 0.29.1-1-gd02db6906a (webtiles) character file.

Game seed: 14829012480179083396

2752 GeoRichter the Scholar of Death (level 9, -3/64 HPs)
             Began as a Demonspawn Hunter on Oct 17, 2022.
             Was a Follower of Kikubaaqudgha.
             Slain by a killer bee (5 damage)
             ... on level 7 of the Dungeon.
             The game lasted 00:17:26 (6522 turns).

GeoRichter the Scholar of Death (Demonspawn Hunter) Turns: 6522, Time: 00:17:26

Health: -3/64      AC:  8    Str: 12    XL:     9   Next: 41%
Magic:  11/15      EV: 12    Int: 17    God:    Kikubaaqudgha [*.....]
Gold:   324        SH:  0    Dex: 19    Spells: 12/16 levels left

rFire   + . .      SeeInvis .   b - +4 dagger "Morg" {pain, Will+ Int+5}
rCold   . . .      Faith    .   (no shield)
rNeg    . . .      Spirit   .   r - +1 leather armour {rF+}
rPois   .          Reflect  .   m - +0 helmet
rElec   .          Harm     .   (no cloak)
rCorr   .          Rampage  .   (gloves unavailable)
Will    +....                   j - +0 pair of boots
Stlth   ++........              (no amulet)
HPRegen 0.20/turn               (no ring)
MPRegen 0.14/turn               (no ring)

@: lethally poisoned (-3 -> -8)
A: molten scales 1, foul stench 2, demonic touch 3
a: Renounce Religion, Unearth Wretches


You were on level 7 of the Dungeon.
You worshipped Kikubaaqudgha.
Kikubaaqudgha was aware of your devotion.
You visited 2 branches of the dungeon, and saw 8 of its levels.

You collected 324 gold pieces.

Inventory:

Hand Weapons
 a - a +0 shortbow
 b - the +4 dagger "Morg" (weapon) {pain, Will+ Int+5}
   (You found it on level 2 of the Dungeon)

   In the hands of one skilled in necromantic magic, it inflicts extra damage on
   living creatures.
   Int:       It affects your intelligence (+5).
   Will:      It increases your willpower.
 x - the +2 trident "Gufetodgh" {vamp, rF+ rC+}
   (You found it on level 5 of the Dungeon)

   It occasionally heals its wielder for a portion of the damage dealt when it
   wounds a living foe.
   rF:        It protects you from fire.
   rC:        It protects you from cold.
Armour
 j - a +0 pair of boots (worn)
   (You found it on level 1 of the Dungeon)
 m - a +0 helmet (worn)
   (You found it on level 3 of the Dungeon)
 r - a +1 leather armour of fire resistance (worn)
   (You took it off Eustachio on level 4 of the Dungeon)
Wands
 w - a wand of digging (2)
   (You found it on level 4 of the Dungeon)
Scrolls
 c - 3 scrolls of brand weapon {unknown}
 e - 2 scrolls of enchant weapon {unknown}
 g - 4 scrolls of identify {unknown}
 h - 2 scrolls of vulnerability {unknown}
 i - 3 scrolls of amnesia {unknown}
 k - 2 scrolls of teleportation {unknown}
 l - a scroll of immolation {!r}
 o - 2 scrolls of fog {unknown}
 t - 2 scrolls of poison {unknown}
 v - 3 scrolls of magic mapping {unknown}
 y - a scroll of fear {unknown}
Potions
 d - 6 potions of curing {unknown}
 f - 3 potions of flight {unknown}
 n - 2 potions of mutation {unknown}
 p - 4 potions of heal wounds {unknown}
 q - 2 potions of attraction {unknown}
 s - a potion of magic {unknown}
 u - a potion of brilliance {unknown}
 z - 2 potions of berserk rage {unknown}
 A - a potion of cancellation {unknown}
 B - a potion of haste {unknown}
 C - a potion of lignification {unknown}


   Skills:
 - Level 3.2 Fighting
 + Level 6.7 Short Blades
 - Level 4.3 Ranged Weapons
 - Level 1.7 Dodging
 - Level 0.8 Stealth
 + Level 4.4 Spellcasting
 + Level 9.3 Necromancy


You had 12 spell levels left.
You knew the following spells:

 Your Spells              Type           Power      Damage    Failure   Level
a - Necrotise             Necr           100%       1d9       1%          1
b - Vampiric Draining     Necr           35%        2d8       1%          3

Your spell library contained the following spells:

 Spells                   Type           Power      Damage    Failure   Level
 Sublimation of Blood     Necr           35%        N/A       1%          2
 Freeze                   Ice            12%        1d4       19%         1
 Anguish                  Hex/Necr       9%         N/A       28%         4
 Frozen Ramparts          Ice            6%         1d1       50%         3
 Hailstorm                Conj/Ice       3%         3d3       88%         4


Dungeon Overview and Level Annotations

Branches:
Dungeon (7/15) Zot: 26691  Temple (1/1) D:4 Zot: 5774

Altars:
Ashenzari
Cheibriados
Dithmenos
Fedhas
Gozag
Kikubaaqudgha
Makhleb
Nemelex Xobeh
Okawaru
Ru
Sif Muna
Uskayaw
Vehumet
Yredelemnul

Shops:
D:4 =   D:6 *[(

Annotations:
D:4 3 runed translucent doors, kwasso's ghost, amateur FoHu


Innate Abilities, Weirdness & Mutations

You are partially covered in molten scales. (AC +2)
You sometimes emit foul miasma when damaged in melee.
Your touch may irresistibly damage your foes and sap their willpower.


Message History

The killer bee poisons you!
You completely miss the killer bee.
You feel sick. The killer bee misses you. The killer bee barely misses you.
The killer bee attacks as you move away!
The killer bee stings you.
You are more poisoned.
The killer bee poisons you!
You feel very sick. The killer bee barely misses you.
Aim: a killer bee You draw life force from the killer bee!
You feel life coursing into your body.
You feel very sick. The killer bee stings you.
* * * LOW HITPOINT WARNING * * *
You are more poisoned.
The killer bee poisons you!
You emit a cloud of foul miasma!
The killer bee is engulfed in dark miasma.
The killer bee is poisoned.
Aim: a killer bee (almost dead, poisoned)
You draw life force from the killer bee!
You kill the killer bee!
Kikubaaqudgha accepts your kill.
You feel life coursing into your body.
You feel very sick.
You feel very sick.
You feel very sick.
You feel very sick.
You feel sick.
You feel sick.
You feel sick.
You feel sick.
You feel sick.
You feel sick.
You feel sick.
You feel sick.
You are no longer poisoned.
The killer bee closely misses you.
You miss the killer bee. The killer bee barely misses you.
You hit the killer bee.
The killer bee writhes in agony.
The killer bee stings you!
* * * LOW HITPOINT WARNING * * *
You emit a cloud of foul miasma!
The killer bee is engulfed in dark miasma.
The killer bee is poisoned.
The killer bee stings you.
* * * LOW HITPOINT WARNING * * *
You are lethally poisoned!
The killer bee poisons you! The killer bee stings you.
You die...
Kikubaaqudgha rasps: "You have failed me!
Welcome... death!"

.#.#...................#
....#...................
#......................
#....##................
..
#...####).....####.....
... ##.).....#..#.###
.....
...###......)..........
...
...#........y)........
#.#........@y..........
##.##....)...#......>...
#......)....##.....#....
#.......####......#...
###..<...# ......# ..
#......# ..#..#.#
#.......# .##....
#............
#............


You could see 2 killer bees.

Vanquished Creatures
  Pikel (D:5)
  Eustachio (D:4)
  2 water moccasins
  A black bear (D:5)
  2 sky beasts (D:6)
  An ice beast (D:5)
  4 ogres
  A kobold brigand (D:6)
  Blork the orc (D:5)
  A necrophage (D:6)
  A scorpion (D:5)
  3 wights
  3 killer bees (D:7)
  A jelly (D:5)
  2 orc priests (D:7)
  A gnoll bouda (D:7)
  Natasha (D:4)
  5 iguanas
  5 orc wizards
  11 gnolls
  7 adders
  A white imp (D:6)
  An ufetubus (D:6)
  2 dart slugs (D:1)
  13 orcs
  8 endoplasms
  2 giant cockroaches
  7 goblins
  3 hobgoblins
  5 jackals
  5 quokkas
  8 ball pythons
  3 bats
  5 frilled lizards
  13 kobolds
  4 rats (D:1)
135 creatures vanquished.

Notes
Turn   | Place    | Note
-------+----------+-------------------------------------------
     0 | D:1      | GeoRichter the Demonspawn Hunter began the quest for the
                  | Orb.
     0 | D:1      | Reached XP level 1. HP: 16/16 MP: 1/1
   277 | D:1      | Gained mutation: Your touch may inflict minor irresistible
                  | damage on your foes. [demonic ancestry]
   277 | D:1      | Reached XP level 2. HP: 22/22 MP: 2/2
   543 | D:1      | Found a faded altar of an unknown god.
  1088 | D:2      | Gained mutation: You may rarely emit foul miasma when
                  | damaged in melee. [demonic ancestry]
  1088 | D:2      | Reached XP level 3. HP: 28/28 MP: 3/3
  1128 | D:2      | Found the +4 dagger "Morg" {pain, Will+ Int+5}
  1372 | D:2      | Reached skill level 1 in Necromancy
  1400 | D:3      | Reached XP level 4. HP: 29/35 MP: 4/4
  1492 | D:3      | Found a broken altar of Ashenzari.
  1575 | D:3      | Reached skill level 2 in Necromancy
  1966 | D:3      | Reached skill level 3 in Necromancy
  1966 | D:3      | Gained mutation: Your touch may inflict irresistible damage
                  | on your foes. [demonic ancestry]
  1966 | D:3      | Reached XP level 5. HP: 37/41 MP: 5/5
  2257 | D:3      | Reached skill level 4 in Necromancy
  2615 | D:4      | Noticed an ogre
  2675 | D:4      | Reached skill level 1 in Short Blades
  2681 | D:4      | Reached XP level 6. HP: 46/47 MP: 6/6
  2703 | D:4      | Reached skill level 5 in Necromancy
  3058 | D:4      | Noticed Eustachio
  3058 | D:4      | Found Faqubuse's Jewellery Shop.
  3078 | D:4      | Killed Eustachio
  3204 | D:4      | Found a shimmering blue altar of Sif Muna.
  3250 | D:4      | Found a runed translucent gate.
  3250 | D:4      | Found a runed translucent gate.
  3251 | D:4      | Found a runed translucent gate.
  3266 | D:4      | Gained mutation: Your touch may irresistibly damage your
                  | foes and sap their willpower. [demonic ancestry]
  3266 | D:4      | Reached XP level 7. HP: 52/52 MP: 7/7
  3288 | D:4      | Found an opulent altar of Gozag.
  3288 | D:4      | Noticed kwasso's ghost (amateur FoHu)
  3290 | D:4      | Noticed a wyvern
  3304 | D:4      | Found a staircase to the Ecumenical Temple.
  3313 | Temple   | Entered the Ecumenical Temple
  3829 | D:4      | Noticed Natasha
  3834 | D:4      | Killed Natasha
  4197 | D:5      | Entered Level 5 of the Dungeon
  4205 | D:5      | Reached skill level 6 in Necromancy
  4748 | D:5      | Reached skill level 7 in Necromancy
  4748 | D:5      | Gained mutation: You are partially covered in molten
                  | scales. (AC +2) [demonic ancestry]
  4748 | D:5      | Reached XP level 8. HP: 58/58 MP: 8/8
  4748 | D:5      | Identified the +2 trident "Gufetodgh" {vamp, rF+ rC+}
  4750 | D:5      | Found an ancient bone altar of Kikubaaqudgha.
  4751 | D:5      | Noticed Blork the orc
  4765 | D:5      | Killed Blork the orc
  4769 | D:5      | Found an opulent altar of Gozag.
  4774 | D:5      | Became a worshipper of Kikubaaqudgha
  5153 | D:5      | Reached skill level 1 in Spellcasting
  5276 | D:5      | Reached skill level 5 in Short Blades
  5381 | D:6      | Noticed Pikel
  5403 | D:5      | Killed Pikel
  5404 | D:5      | Reached skill level 8 in Necromancy
  5557 | D:6      | Found Naghack's Firing Range.
  5806 | D:6      | Found a hide-covered altar of Uskayaw.
  5859 | D:6      | Gained mutation: You sometimes emit foul miasma when
                  | damaged in melee. [demonic ancestry]
  5859 | D:6      | Reached XP level 9. HP: 64/64 MP: 12/14
  6018 | D:6      | Found Nuxzoab's General Store.
  6106 | D:6      | Found Xiaja's Antique Armour Boutique.
  6133 | D:6      | Reached * piety under Kikubaaqudgha
  6133 | D:6      | Received a gift from Kikubaaqudgha
  6199 | D:6      | Learned a level 1 spell: Necrotise
  6203 | D:6      | Learned a level 3 spell: Vampiric Draining
  6211 | D:7      | Reached skill level 9 in Necromancy
  6522 | D:7      | HP: 2/64 [killer bee (2)]
  6522 | D:7      | Slain by a killer bee

Illustrated notes

Levels and vault maps discovered:
D:1:      roderic_octagonal_star, layout_loops_cross,
          chequers_ecumenical_altar_simple, st_stairs_5,
          chequers_serial_rivers_small_b, dreamdust_princess_corridor,
          grunt_decor_cap, grunt_decor_resistance
D:2:      layout_basic
D:3:      layout_basic, nicolae_overflow_crystal_walls
D:4:      layout_loops_ring, mainiacjoe_overflow_alcove_1,
          minmay_temple_entry_wispy, serial_shops, shop, ebering_ghost_gozag,
          uniq_natasha, uniq_eustachio
D:5:      layout_gridville, grunt_temple_overflow_open, uniq_blork_the_orc
D:6:      layout_cave_pools, mainiacjoe_overflow_catwalk, serial_shops,
          nicolae_shop_hallway_plus, shop, nicolae_shop_firing_range, uniq_pikel
D:7:      layout_cave_pools, chequers_temple_overflow_minitemple
Temple:   chequers_temple_sunken

Skill      XL: |  1  2  3  4  5  6  7  8  9 |
---------------+----------------------------+-----
Ranged Weapons | 4 |  4.3
Necromancy     | 1 3 4 5 7 8 9 |  9.3
Fighting       | 3 |  3.2
Short Blades   | 1 2 4 6 |  6.7
Spellcasting   | 3 4 |  4.4
Dodging        | |  1.7
Stealth        | |  0.8

Action                   |  1- 3 |  4- 6 |  7- 9 || total
-------------------------+-------+-------+-------++-------
Melee: Dagger            |       |    74 |    98 ||   172
       Touch             |       |    14 |    29 ||    43
       Trident           |       |       |    50 ||    50
 Fire: Shortbow          |    98 |    50 |    10 ||   158
 Cast: Necrotise         |       |       |    22 ||    22
       Vampiric Draining |       |       |     2 ||     2
 Stab: Sleeping          |       |     1 |     2 ||     3
Armor: Leather armour    |    10 |    30 |    40 ||    80
Dodge: Dodged            |    22 |    36 |    75 ||   133
